 Dungeon Crawl Stone Soup version 0.27.1-33-g824d729ab1 (webtiles) character file.

Game seed: 15048349452511398223

2795 Atelerd the Geomancer (level 9, 0/50 (52) HPs)
             Began as an Octopode Earth Elementalist on Dec 23, 2021.
             Was a Follower of Sif Muna.
             Slain by a water moccasin (8 damage)
             ... on level 7 of the Dungeon.
             The game lasted 00:15:10 (9605 turns).

Atelerd the Geomancer (Octopode Earth Elementalist) Turns: 9605, Time: 00:15:11

HP:   0/50 (52)     AC:  1    Str:  7    XL:     9   Next: 71%
MP:   9/18          EV: 13    Int: 21    God:    Sif Muna [*.....]
Gold: 373           SH:  0    Dex: 12    Spells: 12/20 levels left

rFire    . . .     SeeInvis .   w - +3 dagger
rCold    + . .     Faith    .   (no shield)
rNeg     . . .     Spirit   .   (helmet restricted)
rPois    .         Reflect  .   (no amulet)
rElec    .         Harm     .   l - ring of protection from cold
rCorr    .         Rampage  .   (no ring)
Will     .....                  (no ring)
Stlth    ++++......             (no ring)
HPRegen  0.16/turn              (no ring)
MPRegen  0.16/turn              (no ring)
                                (no ring)
                                (no ring)

@: about to teleport, lightly drained
A: almost no armour, amphibious, 8 rings, camouflage 1, gelatinous body 1,
(nimble swimmer 1), tentacles
a: Renounce Religion, Channel Magic


You were on level 7 of the Dungeon.
You worshipped Sif Muna.
Sif Muna was aware of your devotion.
You visited 2 branches of the dungeon, and saw 8 of its levels.

You collected 373 gold pieces.

Inventory:

Hand Weapons
 w - a +3 dagger (weapon)
 D - a +5 scimitar
 F - a +3 long sword of freezing
Missiles
 q - 2 throwing nets
 v - 45 stones
Armour
 C - a +3 buckler
Jewellery
 l - a ring of protection from cold (left tentacle)
 B - a ring of ice
Wands
 g - a wand of mindburst (12)
Scrolls
 a - a scroll of fog {unknown}
 e - a scroll of magic mapping {unknown}
 f - 2 scrolls of identify {unknown}
 j - a scroll of teleportation
 k - a scroll of silence {unknown}
 m - a scroll of summoning {unknown}
 n - 3 scrolls of enchant armour
 o - a scroll of blinking {unknown}
 p - a scroll of amnesia {unknown}
 r - a scroll of torment {unknown}
 u - a scroll of fear {unknown}
 y - a scroll of acquirement {unknown}
 A - a scroll of vulnerability {unknown}
 G - a scroll of brand weapon {unknown}
Potions
 b - 2 potions of mutation {unknown}
 c - 2 potions of brilliance {unknown}
 h - a potion of heal wounds {unknown}
 i - a potion of berserk rage {unknown}
 s - a potion of cancellation {unknown}
 t - a potion of invisibility {unknown}
 z - 2 potions of curing {unknown}
 E - 2 potions of lignification {unknown}
Miscellaneous
 x - a box of beasts


   Skills:
 + Level 0.8 Fighting
 + Level 0.8 Short Blades
 + Level 2.2 Dodging
 + Level 5.3 Stealth
 * Level 1.4 Shields
 + Level 6.1 Spellcasting
 - Level 2.0 Transmutations
 - Level 10.3 Earth Magic
 + Level 3.3 Invocations


You had 12 spell levels left.
You knew the following spells:

 Your Spells              Type           Power      Damage    Failure   Level
a - Sandblast             Erth           98%        2d20      1%          1
b - Stone Arrow           Conj/Erth      56%        3d10      3%          3
p - Petrify               Tmut/Erth      32%        N/A       8%          4

Your spell library contained the following spells:

 Spells                   Type           Power      Damage    Failure   Level
 Passwall                 Tmut/Erth      26%        N/A       1%          2
 Sticky Flame             Conj/Fire      6%         2d3       67%         4
 Ignition                 Fire           3%         3d4       100%        8


Dungeon Overview and Level Annotations

Branches:
Dungeon (7/15)             Temple (1/1) D:4

Altars:
Ashenzari
Dithmenos
Elyvilon
Fedhas
Gozag
Hepliaklqana
Kikubaaqudgha
Makhleb
Nemelex Xobeh
Okawaru
Qazlal
Sif Muna
Trog
Uskayaw
Vehumet
Wu Jian
Xom
Yredelemnul
The Shining One

Shops:
D:2 :   D:4 *

Annotations:
D:3 exclusion: downstairs
D:5 exclusion: downstairs


Innate Abilities, Weirdness & Mutations

You cannot wear most types of armour.
You are amphibious.
You can wear up to eight rings at the same time.
Your skin changes colour to match your surroundings (Stealth+).
Your rubbery body absorbs attacks. (AC +1, EV +1)
((You are camouflaged near water. (Stealth+)))
You have tentacles for arms and can constrict up to eight enemies at once.


Message History

Sif Muna accepts your kill.
You feel sick.
The kobold shoots a bolt.
The bolt hits you!
Casting: Stone Arrow (dangerous; 3% risk of failure)
Confirm with . or Enter, or press ? or * to list all spells.
Aiming: Stone Arrow (dangerous; 3% risk of failure)
Press: ? - help, Shift-Dir - straight line, f - kobold
Aim: a kobold, wielding a +0 hand crossbow and quivering bolts (64% to hit)
The stone arrow hits the kobold!
You kill the kobold!
Sif Muna accepts your kill.
You feel sick.
You start resting.
You feel sick.
You are no longer poisoned.
The sky beast sets off the alarm!
The alarm trap emits a blaring wail!
A sentinel's mark forms upon you.
A sky beast comes into view.
You hear an angry hiss.
The wight hits you from afar with a +3 halberd!!
* * * LOW HITPOINT WARNING * * *
You feel drained.
* * * LOW HITPOINT WARNING * * *
The sentinel's mark upon you fades away.
The wight closely misses you.
An ogre comes into view. It is wielding a +0 giant spiked club.
A water moccasin comes into view.
The water moccasin hisses angrily.
Casting: Stone Arrow (dangerous; 3% risk of failure)
Confirm with . or Enter, or press ? or * to list all spells.
Aiming: Petrify (dangerous; 8% risk of failure)
Press: ? - help, Shift-Dir - straight line, f - water moccasin
Aim: a water moccasin (chance to affect: 61%)
The water moccasin resists with significant effort.
The water moccasin bites you.
* * * LOW HITPOINT WARNING * * *
The water moccasin bites you.
* * * LOW HITPOINT WARNING * * *
As you read the scroll of teleportation, it crumbles to dust.
You feel strangely unstable. The water moccasin bites you!
You die...

#.# #.# ... #.# ...
#.######## #.#
.......... ...
#.######## #.# #.# #.#
#.# ..#.# #.# #####
..#@# #.###...## #.#S#
.........# #.#z#
#.###....## #.#.#
#.###.....# #.#O#
....#####.####.#.###...
#.#.#.......O...........
#.#.#.####.###.#.#######
#.#.#..........[.......#


You could see a water moccasin, an ogre and a wight.

Vanquished Creatures
  Sigmund (D:3)
  A steam dragon (D:6)
  Edmund (D:4)
  A water moccasin (D:5)
  2 ogres (D:6)
  A black bear (D:3)
  3 phantoms (D:5)
  A bullfrog (D:7)
  2 kobold brigands
  2 scorpions
  A water moccasin zombie (D:5)
  A water moccasin skeleton (D:5)
  15 wights
  A vampire bat (D:3)
  2 centaur zombies
  A jelly (D:7)
  2 hounds (D:6)
  A gnoll shaman (D:6)
  3 bullfrog skeletons
  2 centaur skeletons (D:6)
  2 iguanas
  3 orc wizards
  6 gnolls
  6 adders
  2 white imps
  An ufetubus (D:5)
  An adder skeleton (D:4)
  2 worms
  3 fire bats (D:3)
  13 orcs
  2 spectral bats (D:3)
  13 bats
  3 bat skeletons (D:3)
  A bat zombie (D:3)
  3 endoplasms
  A giant cockroach (D:3)
  5 goblins
  6 hobgoblins
  4 jackals (D:3)
  9 kobolds
  3 quokkas
  5 ball pythons
  A bat simulacrum (D:3)
  7 frilled lizards
  7 rats
153 creatures vanquished.

Notes
Turn   | Place    | Note
-------+----------+-------------------------------------------
     0 | D:1      | Atelerd the Octopode Earth Elementalist began the quest for
                  | the Orb.
     0 | D:1      | Reached XP level 1. HP: 11/11 MP: 3/3
   278 | D:1      | Reached XP level 2. HP: 17/17 MP: 3/5
   630 | D:1      | Found a faded altar of an unknown god.
   991 | D:2      | Reached XP level 3. HP: 21/21 MP: 3/6
  1063 | D:2      | Found Dify's Book Boutique.
  1388 | D:2      | Got the Disquisition on the Arsonist
  1457 | D:2      | Found an ancient bone altar of Kikubaaqudgha.
  1776 | D:3      | Reached XP level 4. HP: 27/27 MP: 3/8
  1838 | D:3      | Noticed a black bear
  1846 | D:3      | Killed a black bear
  1847 | D:3      | Reached skill level 4 in Earth Magic
  1847 | D:3      | Reached XP level 5. HP: 15/31 MP: 4/10
  2431 | D:3      | Noticed Sigmund
  2440 | D:3      | Learned a level 4 spell: Petrify
  2454 | D:3      | Killed Sigmund
  2455 | D:3      | Reached XP level 6. HP: 36/36 MP: 1/12
  2670 | D:3      | Reached skill level 5 in Stealth
  2737 | D:3      | Reached skill level 5 in Earth Magic
  2833 | D:3      | Reached XP level 7. HP: 41/41 MP: 9/13
  3557 | D:4      | Found a staircase to the Ecumenical Temple.
  3582 | Temple   | Entered the Ecumenical Temple
  3874 | Temple   | Became a worshipper of Sif Muna the Loreminder
  4160 | D:4      | Noticed Edmund
  4177 | D:4      | Killed Edmund
  4178 | D:4      | Reached skill level 5 in Spellcasting
  4215 | D:4      | Found Paikk's Overcharged Wands.
  4254 | D:4      | Reached skill level 6 in Earth Magic
  4747 | D:3      | Learned a level 3 spell: Stone Arrow
  5055 | D:5      | Entered Level 5 of the Dungeon
  5204 | D:5      | Reached XP level 8. HP: 21/46 MP: 4/16
  5607 | D:5      | Reached skill level 1 in Invocations
  5937 | D:5      | Reached skill level 7 in Earth Magic
  7118 | D:6      | Reached skill level 8 in Earth Magic
  7399 | D:6      | Found an opulent altar of Gozag.
  7399 | D:6      | Found an ornate altar of the Wu Jian Council.
  7400 | D:6      | Found a shimmering altar of Xom.
  7424 | D:6      | Reached * piety under Sif Muna
  7425 | D:6      | Reached XP level 9. HP: 45/51 MP: 8/18
  7547 | D:6      | Reached skill level 9 in Earth Magic
  8697 | D:6      | Reached skill level 10 in Earth Magic
  9331 | D:7      | Found a burning altar of Makhleb.
  9377 | D:7      | Reached skill level 1 in Shields
  9605 | D:7      | Slain by a water moccasin

Illustrated notes

Levels and vault maps discovered:
D:1:      dpeg_arrival_long_road, layout_loops_ring,
          hellmonk_ecumenical_altar_run_dry, kennysheep_small_spiral
D:2:      layout_rooms, serial_shops, shop, basic_altar
D:3:      layout_loops_ring, chequers_serial_rivers_micro_d, goddamned_bats,
          uniq_sigmund
D:4:      cheibrodos_helix_gallery, layout_loops_ring, minmay_temple_entry_tees,
          kennysheep_cross_room, serial_bayou_pond_e,
          nicolae_shop_overcharged_wands, uniq_edmund
D:5:      layout_basic
D:6:      layout_basic, gammafunk_temple_overflow_forgotten,
          hangedman_decor_growths, minivault_22, minmay_misc_feat_ornament,
          minmay_checkerbox
D:7:      layout_basic, mainiacjoe_overflow_concentric_impassable, hex_large,
          chequers_serial_rivers_micro_e, due_unseen_surprise
Temple:   regret_index_temple_mists

Skill      XL: |  1  2  3  4  5  6  7  8  9 |
---------------+----------------------------+-----
Transmutations | 2 |  2.0
Spellcasting   | 3 4 5 6 |  6.1
Earth Magic    | 4 5 6 8 10 | 10.3
Stealth        | 4 5 |  5.3
Invocations    | 3 |  3.3
Shields        | 1 |  1.4
Fighting       | |  0.8
Short Blades   | |  0.8
Dodging        | |  2.2

Action                   |  1- 3 |  4- 6 |  7- 9 || total
-------------------------+-------+-------+-------++-------
Melee: Dagger            |    27 |    16 |    88 ||   131
       Constrict         |     8 |     6 |    19 ||    33
       Tentacles         |     4 |     3 |    25 ||    32
 Cast: Sandblast         |    32 |    48 |    57 ||   137
       Petrify           |       |     2 |    10 ||    12
       Stone Arrow       |       |       |    75 ||    75
  Use: Scroll            |       |       |     3 ||     3
 Stab: Sleeping          |     2 |     1 |     4 ||     7
       Distracted        |     1 |       |       ||     1
       Petrified         |       |     7 |    28 ||    35
       Petrifying        |       |       |     1 ||     1
Armor: Skin              |     4 |     5 |    10 ||    19
Dodge: Dodged            |    20 |    41 |    93 ||   154
